 Dungeon Crawl Stone Soup version 0.15.2 (webtiles) character file.

4 magipi the Chiller (level 1, -1/11 HPs)
             Began as an Octopode Ice Elementalist on Jan 20, 2015.
             Slain by a gnoll
             ... wielding a +0 spear
              (7 damage)
             ... on Level 1 of the Dungeon.
             The game lasted 00:01:16 (200 turns).

magipi the Chiller (Octopode Ice Elementalist)       Turns: 200, Time: 00:01:16

HP  -1/11        AC  1     Str  7      XL: 1   Next: 70%
MP   0/3         EV 12     Int 17      God:
Gold 33          SH  0     Dex 12      Spells:  1 memorised,  3 levels left

rFire  . . .     SeeInvis .     e - +0 short sword
rCold  . . .     Clarity  .     (no shield)
rNeg   . . .     rCorr    .     (helmet restricted)
rPois  .         rRot     .     (no amulet)
rElec  .         Spirit   .     (no ring)
SustAb .         Warding  .     (no ring)
rMut   .         Stasis   .     (no ring)
Gourm  .                        (no ring)
MR     .....                    (no ring)
                                (no ring)
                                (no ring)
                                (no ring)

@: very slightly contaminated, not resistant to hostile enchantments, fairly
stealthy
A: almost no armour, amphibious, 8 rings, constrict 8, camouflage 1, gelatinous
body 1
a: no special abilities


You were on level 1 of the Dungeon.
You were not hungry.

You visited 1 branch of the dungeon, and saw 1 of its levels.

You collected 33 gold pieces.

Notes
Turn   | Place    | Note
--------------------------------------------------------------
     0 | D:1      | magipi, the Octopode Ice Elementalist, began the quest for the Orb.
     0 | D:1      | Reached XP level 1. HP: 11/11 MP: 3/3
   200 | D:1      | Slain by a gnoll

Inventory:

Hand weapons
 e - a +0 short sword (weapon)
Comestibles
 a - a slice of pizza
 c - 2 bread rations
 d - a meat ration
Scrolls
 f - a scroll of enchant weapon {unknown}
Books
 b - a book of Frost

   Spells                             Type                      Level
   *Freeze                            Ice                          1
   Throw Frost                        Conjuration/Ice              2
   Ozocubu's Armour                   Charms/Ice                   3
   Throw Icicle                       Conjuration/Ice              4
   Summon Ice Beast                   Ice/Summoning                4
   Condensation Shield                Ice                          4


   Skills:
 - Level 2.0 Dodging
 - Level 2.6 Stealth
 - Level 2.0 Spellcasting
   Level 1.0 Conjurations
 + Level 3.3 Ice Magic


You had 3 spell levels left.
You knew the following spells:

 Your Spells              Type           Power        Failure   Level  Hunger
a - Freeze                Ice            ##..         6%          1    #......


Dungeon Overview and Level Annotations

Branches:
Dungeon (1/15)

Altars:


Innate Abilities, Weirdness & Mutations

You cannot wear most types of armour.
You are amphibious.
You can wear up to eight rings at the same time.
You can use your tentacles to constrict many enemies at once.
Your skin changes colour to match your surroundings (Stealth).
Your rubbery body absorbs attacks (AC +1).

Vault maps used:
D:1:      enne_arrival_octagon_isle, minmay_misc_feat_doors


Message History

A rat comes into view.
You tentacle-slap the rat but do no damage.
Your grab misses the rat. You squeeze the rat.
You kill the rat!
Found a meat ration.
You now have 10 gold pieces.
Found a shield.
A ball python comes into view.
Found a robe and 21 stones.
The ball python barely misses you. The ball python grabs you.
The ball python constricts you.
Unknown command.
Casting: Freeze
Confirm with . or Enter, or press ? or * to list all spells.
Aiming: Freeze
Press: ? - help, Shift-Dir - straight line, f - ball python
Aim: a ball python (constricting you)
You freeze the ball python.
You kill the ball python!
Casting: Freeze
Confirm with . or Enter, or press ? or * to list all spells.
You can't see any susceptible monsters within range! (Use Z to cast anyway.) Unknown command.
d - a meat ration
Found 18 stones.
Found a stone staircase leading down.
Found 10 gold pieces.
You now have 20 gold pieces (gained 10).
Found a short sword.
Unknown command.
You see here a short sword.
e - a short sword Wield which item (- for none, * to show all)? (? for menu, Esc to quit)
e - a +0 short sword (weapon)
Found a club.
Found 13 gold pieces.
Found a stone staircase leading down.
A giant gecko comes into view.
Found a scroll labeled XORONE FRINK.
Found a stone staircase leading down.
The helpless giant gecko fails to defend itself.
You puncture the giant gecko!
You kill the giant gecko!
c - 2 bread rations (gained 1)
You now have 33 gold pieces (gained 13).
Found a robe.
You see here a club.
There is a stone staircase leading down here.
f - a scroll labeled XORONE FRINK
Found 21 stones.
A gnoll comes into view. It is wielding a spear.
You see here 21 stones.
A bat comes into view.
The bat closely misses you.
You hit the bat but do no damage. Your grab misses the bat.
The bat closely misses you. The bat hits you. The bat closely misses you.
Casting: Freeze
Confirm with . or Enter, or press ? or * to list all spells.
Aiming: Freeze
Press: ? - help, Shift-Dir - straight line, f - bat
Aim: a bat You freeze the bat.
The bat is moderately wounded.
The bat closely misses you. The bat closely misses you.
Casting: Freeze
Confirm with . or Enter, or press ? or * to list all spells.
Aiming: Freeze
Press: ? - help, Shift-Dir - straight line, f/p - bat
Aim: a bat You freeze the bat.
You kill the bat!
You start resting.
Magic restored.
Found 4 stones.
Found 19 gold pieces.
Found 5 gold pieces.
Casting: Freeze
Confirm with . or Enter, or press ? or * to list all spells.
Aiming: Freeze
Press: ? - help, Shift-Dir - straight line, f - gnoll
Aim: a gnoll, wielding a spear (resting)
You freeze the gnoll.
The gnoll is heavily wounded.
The gnoll hits you but does no damage.
Casting: Freeze
Confirm with . or Enter, or press ? or * to list all spells.
Aiming: Freeze
Press: ? - help, Shift-Dir - straight line, f/p - gnoll
Aim: a gnoll, wielding a spear (heavily wounded)
You miscast Freeze.
You are very lightly contaminated with residual magic.
You feel a strange surge of energy! The gnoll hits you with a spear.
Casting: Freeze
Confirm with . or Enter, or press ? or * to list all spells.
Aiming: Freeze
Press: ? - help, Shift-Dir - straight line, f/p - gnoll
Aim: a gnoll, wielding a spear (heavily wounded)
You freeze the gnoll.
The gnoll is severely wounded.
The gnoll hits you with a spear!
Ouch! That really hurt!
You die...

##...## #.##.##.#
#.....#######.##....#
#.................#
#.....#######..#.##
#..$..# #..#.# ##...##
#..#.### ###.#
#......## #.#
###.##.#..# #@#
#...(..##..
#g######......####
#.................
######.........###
####### #.#.........#
#.....# #...........#
#.....# #...........#
#.....# #..##.......#
#.....###..##.....#..##


You could see a gnoll.

Table legend:
 A = Kills in this place as a percentage of kills in entire the game.
 B = Kills by you in this place as a percentage of kills by you in the entire game.
 C = Kills by friends in this place as a percentage of kills by friends in the entire game.
 D = Other kills in this place as a percentage of other kills in the entire game.
 E = Experience gained in this place as a percentage of experience gained in the entire game.
 F = Experience gained in this place divided by the number of levels of this place that you have seen.
                   A       B       C       D       E      F
               +-------+-------+-------+-------+-------+----------------------
         Total | 100.0 | 100.0 |  -nan |  -nan | 100.0 |   7.0
       Dungeon | 100.0 | 100.0 |  -nan |  -nan | 100.0 |   7.0
               +-------+-------+-------+-------+-------+----------------------

Vanquished Creatures
  A giant gecko (D:1)
  A bat (D:1)
  A ball python (D:1)
  A rat (D:1)
4 creatures vanquished. Notes Turn | Place | Note -------------------------------------------------------------- 0 | D:1 | magipi, the Octopode Ice Elementalist, began the quest for the Orb. 0 | D:1 | Reached XP level 1. HP: 11/11 MP: 3/3 200 | D:1 | Slain by a gnoll

Action                   || total
-------------------------++-------
Melee: Short sword       ||     2
       Unarmed           ||     1
 Cast: Freeze            ||     5
 Stab: Sleeping          ||     1

Action                   || total
-------------------------++-------
Melee: Short sword       ||     2
       Unarmed           ||     1
 Cast: Freeze            ||     5
 Stab: Sleeping          ||     1

Action                   || total
-------------------------++-------
Melee: Short sword       ||     2
       Unarmed           ||     1
 Cast: Freeze            ||     5
 Stab: Sleeping          ||     1
